 Dungeon Crawl Stone Soup version 0.18.1-48-g4cf74bf (webtiles) character file.

44 Krapule the Charmwright (level 3, 0/27 HPs)
             Began as a Human Skald on Aug 10, 2016.
             Was an Initiate of Okawaru.
             Slain by a jackal (3 damage)
             ... on level 1 of the Dungeon.
             The game lasted 00:03:28 (1696 turns).

Krapule the Charmwright (Human Skald)               Turns: 1696, Time: 00:03:28

Health: 0/27       AC:  3    Str: 13    XL:     3   Next: 85%
Magic:  6/6        EV: 11    Int: 12    God:    Okawaru [......]
Gold:   68         SH:  0    Dex: 12    Spells: 1 memorised, 5 levels left

rFire  . . .     SeeInvis .     a - +0 spear
rCold  . . .     Gourm    .     b - +0 leather armour
rNeg   . . .     Faith    .     (no shield)
rPois  .         Spirit   .     (no helmet)
rElec  .         Dismiss  .     (no cloak)
rCorr  .         Reflect  .     (no gloves)
SustAt .         Harm     .     (no boots)
MR     .....                    (no amulet)
Stlth  +.........               (no ring)
                                (no ring)

@: not resistant to hostile enchantments, very unstealthy
A: no striking features
a: Renounce Religion


You were on level 1 of the Dungeon.
You worshipped Okawaru.
Okawaru was noncommittal.
You were hungry.

You visited 1 branch of the dungeon, and saw 2 of its levels.

You collected 68 gold pieces.

Inventory:

Hand Weapons
 a - a +0 spear (weapon)
Armour
 b - a +0 leather armour (worn)
Scrolls
 e - 2 scrolls of fear {unknown}
 f - a scroll of random uselessness {unknown}
 g - a scroll of immolation {unknown}
 h - a scroll of magic mapping {unknown}
 k - 2 scrolls of identify {unknown}
 l - a scroll of noise {unknown}
 n - a scroll of remove curse {unknown}
Potions
 i - 2 potions of heal wounds {unknown}
 m - 2 potions of curing {unknown}
Books
 c - a book of Battle

   Spells                             Type                      Level
   a - Infusion                       Charms                       1
   b - Shroud of Golubria             Charms/Translocation         2
   c - Song of Slaying                Charms                       2
   d - Spectral Weapon                Hexes/Charms                 3
   e - Regeneration                   Charms/Necromancy            3
Comestibles
 d - a bread ration
 j - a meat ration


   Skills:
 + Level 2.2 Fighting
 + Level 2.4 Polearms
 + Level 1.7 Armour
 + Level 1.7 Dodging
 + Level 2.1 Spellcasting
 + Level 3.2 Charms
 + Level 0.0 Invocations


You had 5 spell levels left.
You knew the following spells:

 Your Spells              Type           Power        Failure   Level  Hunger
a - Infusion              Chrm           #...         12%         1    ##.....


Dungeon Overview and Level Annotations

Branches:
Dungeon (2/15)

Altars:
Dithmenos
Okawaru


Message History

You hit the jackal but do no damage.
The jackal bites you but does no damage.
The jackal bites you.
* * * LOW HITPOINT WARNING * * *
You are too injured to fight recklessly!
You hit the jackal.
The jackal is severely wounded.
The jackal bites you but does no damage.
The jackal barely misses you. The jackal bites you.
* * * LOW HITPOINT WARNING * * *
The jackal bites you but does no damage.
You hit the jackal but do no damage.
The jackal is severely wounded.
The jackal bites you but does no damage.
The jackal bites you.
* * * LOW HITPOINT WARNING * * *
You closely miss the jackal.
The jackal is severely wounded.
The jackal bites you.
You die...

#..... #.####
###################.####
#.......................
#.#...###########...####
#.#.....÷...............
#.#...###..######...##..
#.##.##.>...........##.#
#.##.##@#).######....#.#
#....##hh.......###..#.#
###.....#..####.###†.#.#
#......#...........).[.
#......................
#####.÷......#####.###..#.#
#.>....).....#####.###.....
#.###.....##...............
#.# ##...###.######...#####


You could see 2 jackals.

Vanquished Creatures
  A gnoll (D:1)
  A giant gecko (D:1)
  A ball python (D:2)
  7 hobgoblins
  2 jackals (D:1)
  A quokka (D:2)
  8 bats
  3 goblins
  3 kobolds
  4 rats
31 creatures vanquished.

Notes
Turn   | Place    | Note
--------------------------------------------------------------
     0 | D:1      | Krapule the Human Skald began the quest for the Orb.
     0 | D:1      | Reached XP level 1. HP: 16/16 MP: 3/3
   308 | D:1      | Reached XP level 2. HP: 15/22 MP: 5/5
   949 | D:2      | Found an iron altar of Okawaru.
   954 | D:2      | Reached XP level 3. HP: 27/27 MP: 6/6
   968 | D:2      | Became a worshipper of Warmaster Okawaru
  1471 | D:2      | Found a shadowy altar of Dithmenos.
  1696 | D:1      | Slain by a jackal

Action                   || total
-------------------------++-------
Melee: Spear             ||   154
  Eat: Chunk             ||     2
Armor: Leather armour    ||    66
Dodge: Dodged            ||   114
